 Dungeon Crawl Stone Soup version 0.20.1-1-g8b1a95d (webtiles) character file.

3097 Golfball the Fighter (level 9, -11/90 HPs)
             Began as a Gargoyle Fighter on Aug 18, 2017.
             Was an Initiate of Gozag.
             Killed from afar by Joseph (20 damage)
             ... with a wand of lightning (?/15)
             ... on level 7 of the Dungeon.
             The game lasted 00:35:31 (7100 turns).

Golfball the Fighter (Gargoyle Fighter)             Turns: 7100, Time: 00:35:31

Health: -11/90     AC: 24    Str: 18    XL:     9   Next: 90%
Magic:  12/12      EV:  2    Int: 13    God:    Gozag
Gold:   766        SH: 12    Dex: 16    Spells: 8/8 levels left

rFire    . . .     SeeInvis .   A - +1 hand axe (venom)
rCold    . . .     Gourm    .   c - +0 shield
rNeg     + + +     Faith    .   (armour currently unavailable)
rPois    ∞         Spirit   .   (helmet currently unavailable)
rElec    .         Reflect  +   (cloak currently unavailable)
rCorr    .         Harm     .   (gloves currently unavailable)
MR       .....     NoTele   +   (boots currently unavailable)
Stlth    +.........             y - +2 amulet of reflection
Regen    0.3/turn               F - +4 ring of dexterity
MPRegen  0.2/turn               k - +4 ring of intelligence

@: tree-form
A: blurry vision 1, negative energy resistance 1, weak 1, petrification
resistance, rot immunity, AC +5
a: Potion Petition, Call Merchant, Bribe Branch, Renounce Religion


You were on level 7 of the Dungeon.
You worshipped Gozag.
Gozag was pleased with you.
You were full.
You were a tree.
You visited 2 branches of the dungeon, and saw 8 of its levels.
You also visited: Ossuary.

You collected 884 gold pieces.
You paid 118 gold pieces to Gozag.

Inventory:

Hand Weapons
 i - a +0 hunting sling
 t - a +2 mace of protection
 A - a +1 hand axe of venom (weapon)
Missiles
 l - 40 sling bullets
Armour
 b - a +0 scale mail (melded)
 c - a +0 shield (worn)
 e - a +2 pair of gloves (melded)
 j - a +0 cloak (melded)
 p - a +1 helmet (melded)
 u - a cursed +0 plate armour
 C - a +0 chain mail
Jewellery
 h - an uncursed ring of ice
 k - a +4 ring of intelligence (right branch)
 y - a +2 amulet of reflection (around neck)
 F - a +4 ring of dexterity (left branch)
 K - an uncursed ring of ice
Wands
 D - a wand of polymorph (10/24)
 G - a wand of paralysis (9/24)
 L - a wand of confusion (20/48)
 M - a wand of iceblast (5/15)
Scrolls
 a - a scroll of fear
 n - 3 scrolls of blinking
 s - 8 scrolls of remove curse
Potions
 d - a potion of degeneration {unknown}
 g - a potion of ambrosia
 m - 2 potions of haste
 q - a potion of brilliance
 r - a potion of lignification
 v - 4 potions of agility
 w - a potion of magic {unknown}
 x - a potion of cancellation {unknown}
 z - a potion of resistance {unknown}
 E - 2 potions of flight {unknown}
 H - a potion of invisibility {unknown}
 I - a potion of berserk rage {unknown}
 J - 2 potions of mutation {unknown}
Comestibles
 f - 4 bread rations
 o - a meat ration
 B - 8 fruits


   Skills:
 + Level 8.8 Fighting
 + Level 7.3 Maces & Flails
 - Level 4.3 Slings
 - Level 5.4 Armour
 + Level 1.2 Dodging
 - Level 4.1 Shields
 + Level 4.5 Evocations


You had 8 spell levels left.
You didn't know any spells.

Dungeon Overview and Level Annotations

Branches:
Dungeon (7/15)             Temple (1/1) D:6

Altars:
Elyvilon
Gozag
Sif Muna

Annotations:
D:7 Joseph


Innate Abilities, Weirdness & Mutations

You are resistant to torment.
((Your stone body is resilient. (AC +5)))
You are immune to poison.
You resist negative energy. (rN+)
((You are resistant to electric shocks. (rElec)))
((You can survive without breathing.))
You are immune to petrification.
You are immune to rotting.
((You are partially covered in yellow scales. (AC +2)))
Scrolls take you a little longer to read.
You are weak. (Str -2)


Message History

You resist. The iguana bites you! The centaur hits you.
You hit Joseph.
Joseph looks as sick as possible!
Joseph is severely wounded.
You hit the iguana. You barely miss the centaur.
You block the centaur's attack. The iguana bites you.
* * * LOW HITPOINT WARNING * * *
Joseph zaps a wand.
The bolt of lightning hits you! You resist.
* * * LOW HITPOINT WARNING * * *
You block the centaur's attack. Joseph barely misses you. The iguana bites you.
* * * LOW HITPOINT WARNING * * *
You turn into a tree.
Your +0 cloak melds into your body.
Your +1 helmet melds into your body.
Your +2 pair of gloves melds into your body.
Your +0 scale mail melds into your body.
Your roots penetrate the ground.
The centaur hits you but does no damage. x2
You block the iguana's attack.
Joseph zaps a wand.
The bolt of lightning hits you!
You die...
Your body crumbles into a pile of gold.

## #..## # ##..##
##..(.## . ##......## ..
# ###.........#######...
##......................
...........$..(...$....
...............(...#..
.########.......♣.## ##
#.......l@c# #
#....####.... # #....#
....... # ....#
......... #### ...
.......... .....
.......... .....
........... .....


You could see Joseph, a centaur and an iguana.

Vanquished Creatures
  The ghost of robertstho the Cleaver, a novice MiBe of Trog (D:6)
  A hornet (D:6)
  An orc warrior (D:4)
  An ice beast (D:6)
  A black bear (D:6)
  A sky beast (D:5)
  A centaur (D:6)
  3 ogres
  A big kobold (D:7)
  Blork the orc (D:5)
  2 elf zombies (Ossuary)
  A wyvern skeleton (D:4)
  2 scorpions
  9 killer bees
  2 howler monkeys (D:7)
  A crimson imp (D:7)
  2 centaur zombies
  A bullfrog skeleton (D:5)
  2 orc priests (D:4)
  A centaur skeleton (D:4)
  A hound (D:6)
  4 orc wizards
  3 worker ants
  A killer bee zombie (D:6)
  3 big kobold zombies (Ossuary)
  2 mummies (Ossuary)
  Robin (D:4)
  6 adders
  3 gnolls (D:3)
  4 oozes
  An adder zombie (Ossuary)
  An adder skeleton (D:5)
  3 worms (D:2)
  4 dart slugs
  4 leopard geckos
  34 orcs
  2 ball pythons (D:2)
  10 giant cockroaches
  19 goblins
  10 hobgoblins
  3 jackals (D:3)
  10 kobolds
  2 quokkas
  5 bats (D:1)
  7 frilled lizards
  2 goblin zombies (D:6)
  10 hobgoblin zombies (Ossuary)
  3 jackal zombies (Ossuary)
  8 kobold zombies (Ossuary)
  2 leopard gecko skeletons (D:5)
  7 orc zombies (Ossuary)
  A quokka zombie (D:7)
  3 rats
  2 rat zombies (Ossuary)
216 creatures vanquished.

Vanquished Creatures (others)
  A kobold (D:7)
1 creature vanquished.

Grand Total: 217 creatures vanquished

Notes
Turn   | Place    | Note
-------+----------+-------------------------------------------
     0 | D:1      | Golfball the Gargoyle Fighter began the quest for the Orb.
     0 | D:1      | Reached XP level 1. HP: 14/14 MP: 1/1
   147 | D:1      | Reached XP level 2. HP: 19/19 MP: 2/2
   573 | D:1      | Reached XP level 3. HP: 24/24 MP: 3/3
   595 | D:1      | Reached skill level 4 in Fighting
  1252 | D:2      | Reached XP level 4. HP: 27/30 MP: 4/4
  1949 | D:3      | Reached skill level 1 in Slings
  2057 | D:3      | Reached XP level 5. HP: 30/34 MP: 5/5
  2642 | D:3      | Reached skill level 5 in Fighting
  2823 | D:4      | Reached XP level 6. HP: 40/40 MP: 6/6
  3179 | D:4      | Noticed Robin
  3191 | D:4      | Killed Robin
  3295 | D:4      | Reached XP level 7. HP: 45/45 MP: 7/7
  3454 | D:4      | Reached skill level 6 in Fighting
  3792 | D:4      | Reached skill level 5 in Maces & Flails
  3954 | D:5      | Entered Level 5 of the Dungeon
  4148 | D:5      | Gained mutation: Scrolls take you a little longer to read. [mutagenic meat]
  4149 | D:5      | Gained mutation: You are partially covered in yellow scales. (AC +2) [mutagenic meat]
  4150 | D:5      | Gained mutation: You are weak. (Str -2) [mutagenic meat]
  4187 | D:5      | Reached XP level 8. HP: 44/52 MP: 8/8
  4509 | D:5      | Noticed Blork the orc
  4530 | D:5      | Killed Blork the orc
  4530 | D:5      | Reached skill level 1 in Evocations
  4815 | D:6      | Noticed robertstho's ghost (novice MiBe)
  4847 | D:6      | Killed robertstho's ghost
  4847 | D:6      | Reached skill level 7 in Fighting
  4847 | D:6      | Reached skill level 5 in Armour
  4859 | D:6      | Found a staircase to the Ecumenical Temple.
  4872 | Temple   | Entered the Ecumenical Temple
  4879 | Temple   | Became a worshipper of Gozag Ym Sagoz the Greedy
  4902 | D:6      | Found a sand-covered staircase.
  4926 | Ossuary  | Entered an ossuary
  5200 | Ossuary  | Reached XP level 9. HP: 57/58 MP: 11/11
  5301 | Ossuary  | Reached skill level 1 in Dodging
  5647 | D:6      | Reached skill level 8 in Fighting
  6129 | D:7      | Noticed a hornet
  6152 | D:6      | Killed a hornet
  7083 | D:7      | Noticed Joseph
  7100 | D:7      | Killed from afar by Joseph

Skill      XL: |  1  2  3  4  5  6  7  8  9 |
---------------+----------------------------+-----
Fighting       | 4 5 6 7 8 |  8.8
Maces & Flails | 3 4 5 6 7 |  7.3
Slings         | 1 3 4 |  4.3
Armour         | 4 5 |  5.4
Shields        | 4 |  4.1
Evocations     | 2 4 |  4.5
Dodging        | 1 |  1.2

Action                   |  1- 3 |  4- 6 |  7- 9 || total
-------------------------+-------+-------+-------++-------
Melee: Flail             |   140 |    95 |       ||   235
       Mace              |       |   195 |   575 ||   770
       Hand axe          |       |       |     9 ||     9
Evoke: Wand              |       |       |     3 ||     3
  Use: Scroll            |     5 |     6 |     7 ||    18
       Potion            |       |       |     6 ||     6
 Stab: Paralysed         |       |       |     4 ||     4
  Eat: Chunk             |     1 |     8 |    10 ||    19
       Meat ration       |       |       |     1 ||     1
       Bread ration      |       |       |     1 ||     1
       Royal jelly       |       |       |     1 ||     1
Armor: Scale mail        |    84 |   139 |   288 ||   511
       Skin              |       |       |     2 ||     2
Dodge: Dodged            |    40 |    83 |   146 ||   269
Block: Shield            |    85 |   137 |   355 ||   577
       Reflection        |       |       |     6 ||     6
